Map: Eastwatch LE

Players

Rage - Winner!

  • Race: Zerg Zerg
  • League: Diamond
  • Spawn Location: 7:00

PensiveLemon

  • Race: Protoss Protoss
  • League: Diamond
  • Spawn Location: 1:00

VOD

Have the link to the VOD?

Description

Time

  • Played on: Feb. 8, 2018, 5:27 p.m.
  • Length: 21:17
Show
View Real Time Build Order
Export as new Build Order

Rage Zerg - Winner!

Build Orders: Hatch First, Lurkers 

Get SALT Encoding   

  12  0:01  Drone  
  13  0:12  Overlord  
  13  0:19  Drone  
  14  0:33  Drone x2  
  14  0:35  Drone  
  17  0:54  Hatchery  
  16  0:58  Drone  
  16  0:59  Drone  
  18  1:14  Extractor  
  18  1:15  Spawning Pool  
  18  1:18  Drone  
  17  1:28  Drone  
  17  1:29  Drone  
  19  1:42  Overlord  
  19  2:02  Queen  
  19  2:06  Zergling x4  
  19  2:07  Queen  
  25  2:10  Drone  
  26  2:20  Drone x2  
  29  2:22  Drone  
  29  2:23  Metabolic Boost  
  29  2:34  Drone x2  
  31  2:42  Hatchery  
  30  2:47  Drone  
  30  2:48  Drone  
  32  2:52  Overlord  
  32  2:58  Overlord  
  32  3:05  Drone  
  32  3:06  Drone  
  33  3:17  Drone x2  
  33  3:18  Drone x5  
  40  3:28  Queen  
  42  3:43  Drone x5  
  47  3:49  Overlord  
  47  3:54  Queen  
  48  3:58  Extractor  
  48  4:01  Drone x3  
  48  4:02  Drone x4, Evolution Chamber  
  53  4:08  Spore Crawler  
  53  4:09  Spore Crawler  
  51  4:10  Queen  
  53  4:18  Queen  
  53  4:22  Drone x5  
  60  4:27  Extractor  
  60  4:31  Drone x4  
  63  4:34  Zergling x4  
  63  4:35  Zergling x2  
  66  4:44  Roach Warren  
  66  4:45  Overlord  
  65  5:01  Drone  
  65  5:02  Overlord x3  
  66  5:10  Queen  
  68  5:14  Zergling x8  
  68  5:15  Zergling x4  
  68  5:19  Overlord x2  
  74  5:21  Zerg Melee Weapons Level 1  
  74  5:24  Lair  
  74  5:27  Baneling Nest  
  73  5:29  Zergling x2  
  73  5:30  Zergling x8  
  73  5:34  Drone x2  
  80  5:44  Spore Crawler  
  80  5:46  Drone x4  
  83  5:57  Hatchery  
  78  6:14  Roach x12  
  101  6:19  Roach  
  103  6:28  Extractor  
  103  6:29  Roach x2, Extractor  
  103  6:30  Roach x4, Overlord x2  
  103  6:31  Spine Crawler  
  112  6:32  Glial Reconstitution  
  112  6:47  Overlord  
  112  6:48  Overlord x3  
  112  6:53  Hydralisk Den  
  111  6:54  Drone x3  
  111  6:55  Drone x2  
  111  7:00  Roach x2  
  111  7:01  Roach  
  122  7:08  Overseer  
  122  7:11  Roach  
  122  7:12  Roach x4  
  122  7:13  Roach  
  134  7:15  Zerg Missile Weapons Level 1  
  134  7:25  Roach  
  134  7:26  Roach x3  
  142  7:48  Drone x4  
  145  7:56  Roach  
  145  7:57  Roach x9  
  165  8:02  Centrifical Hooks, Extractor  
  164  8:07  Drone x3  
  164  8:08  Overlord x2  
  167  8:13  Overlord x2  
  153  8:39  Roach  
  153  8:40  Roach x17  
  161  9:04  Hydralisk  
  161  9:05  Hydralisk x7  
  165  9:15  Lurker Den  
  156  9:20  Burrow, Spore Crawler  
  155  9:27  Hydralisk x3  
  155  9:30  Zergling x2  
  155  9:31  Zergling x20  
  166  9:46  Zerg Missile Weapons Level 2  
  166  9:48  Grooved Spines  
  166  9:54  Hydralisk x4  
  166  9:57  Zergling x12  
  180  10:06  Drone x6  
  182  10:25  Hydralisk  
  182  10:26  Hydralisk x8  
  197  10:35  Drone  
  197  10:36  Drone  
  176  11:00  Muscular Augments  
  176  11:06  Lurker  
  176  11:07  Lurker  
  176  11:10  Baneling x5  
  178  11:20  Infestation Pit  
  172  11:40  Hydralisk x6  
  172  11:46  Spine Crawler  
  173  11:47  Spine Crawler  
  173  11:51  Lurker x6  
  173  11:53  Zergling x28  
  173  11:54  Zergling x16  
  200  12:04  Overseer  
  200  12:10  Spine Crawler  
  200  12:11  Spine Crawler  
  200  12:12  Spine Crawler  
  92  12:39  Hydralisk  
  92  12:40  Hydralisk x12  
  92  12:42  Zergling x26  
  131  12:46  Zerg Melee Weapons Level 2  
  131  12:52  Hive  
  131  12:59  Zergling x14  
  131  13:01  Lurker  
  131  13:04  Hatchery  
  138  13:07  Baneling  
  138  13:11  Pneumatized Carapace, Zergling x2  
  138  13:12  Zergling x16  
  147  13:15  Hatchery  
  147  13:18  Drone x5  
  147  13:19  Drone  
  152  13:29  Zergling x12  
  158  13:35  Extractor x2  
  158  13:36  Drone x5, Extractor  
  158  13:37  Extractor  
  157  13:44  Zergling x2  
  157  13:45  Zergling x2  
  155  13:50  Drone x8  
  157  14:05  Zergling x20  
  157  14:09  Drone x2, Spine Crawler x2  
  163  14:18  Adrenal Glands  
  163  14:19  Spire  
  162  14:26  Lurker x4  
  162  14:28  Hydralisk x2  
  162  14:29  Hydralisk x5  
  180  14:31  Baneling  
  180  14:32  Baneling x9  
  180  14:33  Baneling  
  180  14:34  Zergling x14  
  180  14:36  Drone  
  180  14:37  Drone x2  
  190  14:39  Overlord  
  190  14:43  Overseer  
  189  14:57  Overseer  
  189  15:14  Baneling  
  189  15:15  Baneling x11  
  189  15:20  Zergling x20  
  169  16:15  Zergling x20  
  169  16:16  Zergling x50  
  200  16:29  Baneling x8  
  200  16:32  Hatchery  
  199  16:33  Hatchery  
  199  16:34  Greater Spire  
  199  16:36  Baneling  
  198  16:50  Baneling  
  198  16:51  Baneling x16  
  198  16:52  Baneling  
  198  16:53  Baneling x2  
  198  17:08  Spine Crawler  
  183  17:09  Spine Crawler x2  
  183  17:10  Spine Crawler, Zergling x14  
  183  17:11  Zergling x28  
  183  17:12  Zergling x4  
  196  17:25  Overseer  
  196  17:26  Overlord  
  196  17:27  Overlord x3  
  196  17:42  Hatchery  
  196  17:47  Hatchery  
  196  17:48  Corruptor x2  
  199  18:32  Drone  
  199  18:34  Hatchery  
  169  18:44  Corruptor x4  
  169  18:47  Corruptor  
  179  19:00  Corruptor  
  179  19:01  Corruptor x2  
  185  19:05  Corruptor  
  183  19:21  Corruptor x3  
  180  19:35  Corruptor  
  180  19:36  Corruptor  
  180  19:37  Corruptor  
  184  19:38  Corruptor  
  184  19:42  Corruptor  
  141  20:06  Drone x4  
  143  20:07  Corruptor x4  
  143  20:24  Corruptor x3  
  143  20:25  Corruptor  
  150  20:39  Drone x7  
  157  20:43  Corruptor  
Show
View Real Time Build Order
Export as new Build Order

PensiveLemon Protoss 

Build Orders: Nexus First, Zealot Archon 

Get SALT Encoding   

  12  0:01  Probe  
  13  0:13  Probe  
  14  0:20  Pylon  
  14  0:25  Probe  
  15  0:38  Probe (Chrono Boost)  
  16  0:48  Probe (Chrono Boost)  
  17  1:03  Nexus  
  17  1:16  Gateway  
  17  1:17  Probe (Chrono Boost)  
  18  1:29  Probe (Chrono Boost)  
  18  1:30  Assimilator  
  19  1:33  Assimilator  
  19  1:37  Probe (Chrono Boost)  
  20  1:43  Probe  
  21  1:55  Probe  
  22  2:08  Cybernetics Core, Probe  
  23  2:14  Pylon  
  23  2:20  Probe x2 (Chrono Boost)  
  25  2:29  Probe (Chrono Boost)  
  27  2:30  Probe (Chrono Boost)  
  27  2:34  Probe x2 (Chrono Boost)  
  29  2:39  Zealot  
  31  2:45  Warp Gate  
  31  2:46  Probe  
  31  2:48  Probe  
  33  2:58  Probe  
  33  3:00  Probe  
  33  3:05  Pylon  
  35  3:10  Probe  
  35  3:12  Probe  
  34  3:22  Probe  
  34  3:24  Adept  
  34  3:25  Probe (Chrono Boost)  
  38  3:34  Probe (Chrono Boost)  
  38  3:37  Probe (Chrono Boost)  
  40  3:42  Twilight Council  
  40  3:44  Probe (Chrono Boost)  
  41  3:58  Probe  
  41  3:59  Probe  
  43  4:10  Probe  
  43  4:11  Probe  
  43  4:12  Gateway  
  43  4:13  Gateway  
  43  4:15  Gateway  
  45  4:18  Gateway  
  45  4:21  Pylon  
  45  4:23  Pylon  
  47  4:29  Charge (Chrono Boost)  
  45  5:09  Pylon  
  45  5:13  Probe (Chrono Boost)  
  45  5:14  Templar Archives, Probe (Chrono Boost)  
  47  5:23  Probe x2 (Chrono Boost)  
  47  5:27  Zealot x3  
  47  5:28  Zealot x2, Probe x2 (Chrono Boost)  
  61  5:35  Nexus  
  61  5:38  Assimilator  
  61  5:40  Assimilator, Probe (Chrono Boost)  
  63  5:45  Probe (Chrono Boost)  
  64  5:51  Probe (Chrono Boost)  
  64  5:53  Pylon  
  64  5:54  Probe (Chrono Boost)  
  64  5:55  Pylon  
  64  5:56  High Templar x4  
  73  5:58  Zealot  
  73  6:01  Archon x2  
  75  6:04  Probe  
  75  6:15  Psionic Storm  
  75  6:39  Gateway  
  75  6:41  Gateway  
  75  6:43  Gateway  
  75  6:44  Probe x2  
  75  6:45  Robotics Facility  
  77  6:48  Robotics Facility  
  77  6:53  Probe  
  78  6:56  Probe x2  
  80  7:06  Zealot, Probe  
  80  7:07  Zealot x4  
  80  7:08  Probe x2  
  93  7:18  Probe  
  93  7:20  Pylon, Probe x2  
  96  7:28  High Templar x2  
  96  7:29  High Templar x2  
  104  7:30  Probe  
  104  7:32  Probe x2  
  104  7:35  Nexus  
  104  7:36  Pylon  
  107  7:37  Pylon  
  107  7:39  Pylon  
  107  7:41  Forge  
  107  7:42  Forge  
  103  7:45  Immortal (Chrono Boost)  
  103  7:46  Immortal (Chrono Boost)  
  103  8:01  Assimilator  
  103  8:05  Assimilator  
  103  8:09  Gateway  
  103  8:16  Gateway x2  
  111  8:21  Gateway  
  93  8:37  Robotics Facility  
  93  8:42  Robotics Facility  
  93  8:44  Pylon x2  
  93  8:45  Pylon  
  93  8:46  Nexus  
  93  8:51  Zealot x2  
  93  8:52  Zealot x5  
  93  8:53  Zealot  
  91  9:12  Zealot  
  91  9:13  Zealot x6  
  91  9:14  Zealot  
  105  9:20  Protoss Ground Weapons Level 1 (Chrono Boost)  
  105  9:21  Protoss Ground Armor Level 1 (Chrono Boost)  
  105  9:40  Immortal x2 (Chrono Boost)  
  113  10:09  Immortal (Chrono Boost)  
  113  10:10  Immortal (Chrono Boost)  
  109  10:24  Zealot x5  
  109  10:25  Zealot x5  
  109  10:26  Zealot  
  115  10:41  Immortal  
  115  10:42  Immortal  
  105  10:57  High Templar x2  
  105  10:58  High Templar x6  
  117  11:04  Archon x2  
  117  11:15  Zealot  
  117  11:16  Zealot x2  
  122  11:34  Zealot  
  122  11:35  Zealot x5  
  122  11:36  Zealot x5  
  144  11:58  Nexus  
  144  12:02  Dark Shrine  
  144  12:04  Zealot  
  144  12:05  Zealot x5, Pylon x2  
  144  12:06  Zealot x4  
  100  12:42  High Templar, Observer x2  
  100  12:43  High Templar x5  
  100  12:44  High Templar x3  
  112  12:52  Archon x2  
  112  13:21  Protoss Air Weapons Level 1 (Chrono Boost)  
  112  13:25  Stargate x2  
  112  13:27  Stargate  
  112  13:28  Stargate  
  112  13:30  Zealot x4  
  112  13:31  Zealot x5  
  112  13:32  Zealot x3  
  136  13:47  Protoss Ground Weapons Level 2, Protoss Shields Level 1  
  126  14:05  Dark Templar x3  
  118  14:18  Assimilator  
  118  14:21  Assimilator  
  118  14:25  Photon Cannon  
  118  14:26  Photon Cannon  
  118  14:28  Photon Cannon  
  118  14:30  Fleet Beacon  
  118  14:33  Pylon  
  118  14:35  Pylon  
  118  14:37  Pylon  
  112  15:08  Probe x2  
  112  15:09  Probe x2  
  112  15:11  Carrier x3 (Chrono Boost)  
  112  15:13  Carrier (Chrono Boost)  
  116  15:20  Probe x2  
  116  15:21  Probe  
  73  16:21  Observer x2 (Chrono Boost)  
  73  16:24  Zealot  
  73  16:25  Zealot x6  
  85  16:26  Zealot  
  109  16:33  Carrier (Chrono Boost)  
  109  16:34  Carrier x3 (Chrono Boost)  
  115  16:57  Graviton Catapult  
  114  17:06  High Templar  
  114  17:07  High Templar  
  114  17:08  Zealot x4  
  99  17:09  Zealot  
  90  17:54  High Templar  
  90  17:55  Nexus  
  92  17:58  High Templar  
  94  18:05  Pylon  
  81  18:49  High Templar  
  81  18:52  High Templar  
  85  19:23  Nexus  
  85  19:31  Robotics Facility  
  69  20:03  High Templar  
  64  20:10  High Templar  
  64  20:45  Pylon  
Tags
 
Add a new tag
Caveats
  • Supply blocks, unpowered buildings, or Contaminate may cause inaccurate times.
  • Supply counts are checked every 10 seconds.